 Dungeon Crawl Stone Soup version 0.27.0-1-g7a089689b8 (webtiles) character file.

Game seed: 7170797920748396635

9690 gimp the Cleaver (level 11, -10/141 HPs)
             Began as a Deep Dwarf Artificer on Aug 7, 2021.
             Was a Priest of Makhleb.
             Mangled by a minotaur (25 damage)
             ... in a Gauntlet.
             The game lasted 00:34:36 (8607 turns).

gimp the Cleaver (Deep Dwarf Artificer)             Turns: 8607, Time: 00:34:37

Health: -10/141    AC: 11    Str: 21    XL:     11   Next: 26%
Magic:  0/7        EV: 10    Int: 11    God:    Makhleb [***...]
Gold:   33         SH: 13    Dex: 24    Spells: 10/10 levels left

rFire    . . .     SeeInvis +   a - +5 war axe of the Baking Saviour {elec, Fly rPois Str-3 Stlth+}
rCold    + . .     Faith    .   k - +0 kite shield
rNeg     + . .     Spirit   +   v - +1 swamp dragon scales
rPois    +         Reflect  .   l - +1 helmet
rElec    .         Harm     .   (no cloak)
rCorr    .         Rampage  .   E - +0 pair of gloves of Vuesa {Str+4 Dex+5}
Will     +....     NoTele   +   (no boots)
Stlth    ..........             s - amulet of Xaseuvae {Spirit rPois rC+ Dex+6 Stlth-}
HPRegen  0.00/turn              r - ring of see invisible
MPRegen  0.10/turn              y - ring of positive energy

@: berserking, flying, very quick
A: damage resistance, heal wounds, sense surroundings 2, no regeneration
a: Heal Wounds, Renounce Religion, Minor Destruction, Lesser Servant of Makhleb


You were in a Gauntlet.
You worshipped Makhleb.
Makhleb was most pleased with you.
You visited 3 branches of the dungeon, and saw 13 of its levels.
You also visited: Gauntlet.

You collected 468 gold pieces.
You spent 435 gold pieces at shops.

Inventory:

Hand Weapons
 a - the +5 war axe of the Baking Saviour (weapon) {elec, Fly rPois Str-3 Stlth+}
   (You bought it in a shop on level 2 of the Dungeon)

   It occasionally discharges a powerful burst of electricity upon striking a
   foe.
   Str:       It affects your strength (-3).
   rPois:     It protects you from poison.
   Fly:       It grants you flight.
   Stlth:     It makes you more stealthy.
 b - a +2 hand axe of flaming
 C - the +4 war axe of Compassion {venom, rF+ rC+++ Dex-3}
   (You found it on level 10 of the Dungeon)

   It poisons the flesh of those it strikes.
   Dex:       It affects your dexterity (-3).
   rF:        It protects you from fire.
   rC:        It renders you almost immune to cold.
Missiles
 w - 2 throwing nets
Armour
 c - a +1 pair of gloves
 i - a +0 plate armour
 k - a +0 kite shield (worn)
 l - a +1 helmet (worn)
 v - +1 swamp dragon scales (worn)
 E - the +0 pair of gloves of Vuesa (worn) {Str+4 Dex+5}
   (You found it in a Gauntlet)

   Str:       It affects your strength (+4).
   Dex:       It affects your dexterity (+5).
Jewellery
 r - a ring of see invisible (left hand)
 s - the amulet of Xaseuvae (around neck) {Spirit rPois rC+ Dex+6 Stlth-}
   (You found it in a Gauntlet)

   [amulet of guardian spirit]

   It causes incoming damage to be divided between your reserves of health and
   magic.
   Dex:       It affects your dexterity (+6).
   rC:        It protects you from cold.
   rPois:     It protects you from poison.
   Stlth:     It makes you less stealthy.
 y - a ring of positive energy (right hand)
Wands
 d - a wand of charming (10)
 g - a wand of acid (13)
 p - a wand of digging (10)
 t - a wand of polymorph (10)
Scrolls
 f - a scroll of teleportation
 x - a scroll of vulnerability
 B - a scroll of enchant weapon
 D - a scroll of blinking {unknown}
Potions
 h - 2 potions of attraction
 j - 2 potions of invisibility
 m - a potion of curing {unknown}
 n - 2 potions of resistance
 o - 2 potions of heal wounds
 q - a potion of cancellation {unknown}
 z - a potion of haste
 A - a potion of flight
Miscellaneous
 e - a piece from Xom's chessboard (4/15)


   Skills:
 - Level 5.0 Fighting
 * Level 14.5 Axes
 - Level 2.1 Armour
 - Level 1.1 Dodging
 - Level 1.2 Stealth
 * Level 10.0 Shields
 - Level 5.0 Evocations


You had 10 spell levels left.
You didn't know any spells.
Your spell library contained the following spells:

 Spells                   Type           Power      Damage    Failure   Level
 Animate Skeleton         Necr           0%         N/A       73%         1
 Pain                     Necr           0%         1d4       73%         1
 Call Canine Familiar     Summ           0%         N/A       97%         3
 Portal Projectile        Hex/Tloc       0%         N/A       97%         3
 Vampiric Draining        Necr           0%         2d6       97%         3
 Leda's Liquefaction      Hex/Erth       0%         N/A       100%        4
 Borgnjor's Revivificati  Necr           0%         N/A       100%        8
 Necromutation            Tmut/Necr      0%         N/A       100%        8
 Death's Door             Necr           0%         N/A       100%        9


Dungeon Overview and Level Annotations

Branches:
Dungeon (11/15)            Temple (1/1) D:5            Lair (1/6) D:9
    Orc (0/2) D:10        Gauntlet (1/1)

Altars:
Ashenzari
Cheibriados
Dithmenos
Elyvilon
Fedhas
Gozag
Hepliaklqana
Kikubaaqudgha
Makhleb
Nemelex Xobeh
Okawaru
Qazlal
Ru
Sif Muna
Trog
Uskayaw
Vehumet
Wu Jian
Xom
Yredelemnul
Zin
The Shining One

Shops:
D:2 (   D:3 =   D:7 =(

Annotations:
D:4 3 runed translucent doors, Crazy Yiuf; Gus979's ghost, novice HuFi
D:5 Pikel
D:10 Snorg Gauntlet 8 transporters, 16 runed translucent doors, exclusion: orange crystal statue


Innate Abilities, Weirdness & Mutations

You are resistant to damage.
You can heal yourself by infusing magical energy.
You passively map the area around you.
You do not regenerate.


Message History

Found a wand of charming (14) and a glowing troll leather armour.
Unknown command.
Okay, then.
A demon appears!
You can no longer hurl Makhleb's greater destruction.
You take 4 damage, and have 65/94 hp.
What are your orders? t - Shout!
Orders for allies: a - Attack new target. r - Retreat! s - Stop attacking. g - Guard the area. f - Follow me.
Anything else - Cancel.
Gang up on whom?
Press: ? - help, Dir - move target, f - minotaur
Aim: a minotaur, wielding the +7 great mace "Undeadhunter" {disrupt, rN+}, wearing a +3 plate armour of poison resistance and quivering javelins Attack!
The minotaur throws a javelin.
The javelin pierces through you!
Your ynoxinul hits the minotaur but does no damage.
You take 9 damage, and have 56/94 hp.
The minotaur barely misses your ynoxinul.
The minotaur gores your ynoxinul!
Your ynoxinul hits the minotaur but does no damage.
Your ynoxinul hits the minotaur! You hit the minotaur but do no damage.
The minotaur is lightly wounded.
The minotaur hits you with the +7 great mace "Undeadhunter" {disrupt, rN+}!!
The minotaur gores you but does no damage.
Your ynoxinul hits the minotaur but does no damage.
You take 18 damage, and have 38/94 hp.
A red film seems to cover your vision as you go berserk!
You feel yourself moving faster!
You feel mighty!
The minotaur hits you with the +7 great mace "Undeadhunter" {disrupt, rN+}!!!
* * * LOW HITPOINT WARNING * * *
The minotaur closely misses you.
Your ynoxinul gestures.
You now have 15/141 hp.
You slice the minotaur!!
The minotaur is moderately wounded.
The minotaur hits you with the +7 great mace "Undeadhunter" {disrupt, rN+}!!
You die...

* * 8 .[# * H8# #### ./#** ###8.#
.8# * #....# ..# , #.#.5# .8# #
#.#@H##'##..#.# #..53.........#
#.#.##5#.##.#.# #.#....#....#.#
#.#.#######.#.# #.............#
##...©.©.©...##
################..8.8.8..##*#####
≈#≈#≈#≈#≈#≈#≈####.......####≈#≈#≈


You could see a minotaur (ally target), a friendly ynoxinul (summoned) and 3
friendly ufetubi.

Vanquished Creatures
  2 two-headed ogres
  A death drake (Gauntlet)
  A spectral centaur (Gauntlet)
  Edmund (D:4)
  Maggie (D:8)
  A troll (D:10)
  A wraith (D:10)
  7 shadows
  Eustachio (D:5)
  5 yaks (D:8)
  A wyvern (D:10)
  A steam dragon (D:9)
  A spectral hornet (Gauntlet)
  2 water moccasins
  A necrophage (D:7)
  7 orc warriors
  5 ogres
  3 centaurs
  4 kobold brigands (D:10)
  2 bullfrogs
  2 gnoll sergeants (D:10)
  A wyvern zombie (D:8)
  A scorpion (D:6)
  A wyvern skeleton (D:7)
  7 killer bees (D:9)
  8 wights
  3 centaur zombies
  2 bullfrog zombies
  2 hounds
  A centaur skeleton (D:3)
  3 orc priests
  4 jellies
  2 gnoll shamans
  An iguana (D:5)
  5 orc wizards
  Ijyb (D:5)
  A killer bee zombie (D:6)
  A howler monkey zombie (D:10)
  Robin (D:3)
  11 gnolls
  10 adders
  A shadow imp (D:7)
  An ufetubus (D:7)
  A worm (D:4)
  5 dart slugs
  51 orcs
  3 ball pythons
  4 bats
  5 endoplasms
  3 giant cockroaches (D:1)
  11 goblins
  9 hobgoblins
  9 jackals
  2 quokkas (D:3)
  6 frilled lizards
  2 kobolds (D:4)
  9 rats
  A spectral kobold (D:1)
239 creatures vanquished.

Vanquished Creatures (collateral kills)
  Sigmund (D:4)
  A hobgoblin (D:1)
  A ball python (D:1)
  A kobold (D:1)
4 creatures vanquished.

Vanquished Creatures (others)
  2 endoplasms (D:1)
  A jackal (D:1)
3 creatures vanquished.

Grand Total: 246 creatures vanquished

Notes
Turn   | Place    | Note
-------+----------+-------------------------------------------
     0 | D:1      | gimp the Deep Dwarf Artificer began the quest for the Orb.
     0 | D:1      | Reached XP level 1. HP: 16/16 MP: 1/1
    27 | D:1      | Reached skill level 1 in Fighting
   119 | D:1      | Reached XP level 2. HP: 15/25 MP: 2/2
   496 | D:1      | Reached XP level 3. HP: 13/32 MP: 3/3
   503 | D:1      | Found a faded altar of an unknown god.
   806 | D:2      | Found Lolug's Weapon Shoppe.
  1081 | D:2      | Reached XP level 4. HP: 25/40 MP: 3/3
  1173 | D:2      | Reached skill level 1 in Axes
  1464 | D:3      | Reached skill level 5 in Evocations
  1532 | D:3      | Reached skill level 2 in Axes
  1615 | D:3      | Reached XP level 5. HP: 19/49 MP: 4/4
  1746 | D:3      | Noticed Robin
  1803 | D:3      | Killed Robin
  2089 | D:3      | Found Mazast Tyfext's Jewellery Shoppe.
  2510 | D:4      | Noticed an ogre
  2559 | D:4      | Killed an ogre
  2560 | D:4      | Reached skill level 3 in Axes
  2560 | D:4      | Reached XP level 6. HP: 17/57 MP: 5/5
  2605 | D:4      | Reached skill level 4 in Axes
  2791 | D:4      | Noticed Edmund
  2792 | D:4      | Noticed Sigmund
  2799 | D:4      | Killed Sigmund
  2848 | D:4      | Killed Edmund
  2849 | D:4      | Reached skill level 6 in Axes
  2849 | D:4      | Reached XP level 7. HP: 33/66 MP: 6/6
  2956 | D:4      | Found a runed translucent door.
  2957 | D:4      | Noticed Crazy Yiuf
  3083 | D:4      | Found a large runed translucent door.
  3083 | D:4      | Found a large runed translucent door.
  3085 | D:4      | Noticed Gus979's ghost (novice HuFi)
  3218 | D:5      | Entered Level 5 of the Dungeon
  3446 | D:5      | Noticed Eustachio
  3600 | D:5      | Killed Eustachio
  3601 | D:5      | Reached skill level 5 in Fighting
  3601 | D:5      | Reached skill level 7 in Axes
  3750 | D:5      | Noticed Ijyb
  3751 | D:5      | Killed Ijyb
  3752 | D:5      | Reached XP level 8. HP: 50/74 MP: 7/7
  3777 | D:5      | Found a staircase to the Ecumenical Temple.
  3789 | Temple   | Entered the Ecumenical Temple
  4083 | Temple   | Became a worshipper of Makhleb the Destroyer
  4271 | D:5      | Reached skill level 8 in Axes
  4349 | D:5      | Found a bloodstained altar of Trog.
  4423 | D:5      | Noticed Pikel
  4458 | D:6      | Noticed a two-headed ogre
  4481 | D:6      | Killed a two-headed ogre
  4482 | D:6      | Reached skill level 10 in Axes
  4872 | D:6      | Gained mutation: You passively map the area around you.
                  | [Deep Dwarf growth]
  4872 | D:6      | Reached XP level 9. HP: 40/81 MP: 7/7
  5043 | D:6      | Reached skill level 11 in Axes
  5063 | D:7      | Reached * piety under Makhleb
  5203 | D:7      | Reached skill level 1 in Shields
  5313 | D:7      | Found Zouskas's Jewellery Shoppe.
  5365 | D:7      | Found a shimmering altar of Xom.
  5422 | D:7      | Found Eqownaso's Weapon Boutique.
  5520 | D:7      | Found a bloodstained altar of Trog.
  5578 | D:8      | Reached skill level 12 in Axes
  5693 | D:8      | Reached ** piety under Makhleb
  5990 | D:8      | Reached skill level 5 in Shields
  6088 | D:8      | Found an ancient bone altar of Kikubaaqudgha.
  6216 | D:8      | Noticed Maggie
  6229 | D:8      | Killed Maggie
  6230 | D:8      | Reached XP level 10. HP: 57/88 MP: 7/7
  6577 | D:9      | Noticed a two-headed ogre
  6588 | D:9      | Killed a two-headed ogre
  6589 | D:9      | Reached skill level 13 in Axes
  6808 | D:9      | Reached *** piety under Makhleb
  6911 | D:9      | Found a staircase to the Lair.
  6987 | D:9      | Found a white marble altar of Elyvilon.
  7391 | D:9      | Found a basalt altar of Yredelemnul.
  7559 | D:2      | Bought the +5 war axe of the Baking Saviour {elec, Fly
                  | rPois Str-3 Stlth+} for 435 gold pieces
  7715 | D:10     | Entered Level 10 of the Dungeon
  7841 | D:10     | Found the ring of Shadows {Umbra +Inv Stlth+}
  7857 | D:10     | Identified the +4 war axe of Compassion {venom, rF+ rC+++
                  | Dex-3}
  7900 | D:10     | Noticed Snorg
  8009 | D:10     | Found a staircase to the Orcish Mines.
  8073 | D:10     | Reached skill level 14 in Axes
  8165 | D:11     | Noticed a seven-headed hydra
  8213 | Lair:1   | Entered Level 1 of the Lair of Beasts
  8240 | Lair:1   | Found a gate leading to a gauntlet.
  8281 | Gauntlet | Entered a Gauntlet
  8281 | Gauntlet | Found a transporter.
  8281 | Gauntlet | Found a large runed translucent door.
  8281 | Gauntlet | Found a large runed translucent door.
  8281 | Gauntlet | Found a large runed translucent door.
  8281 | Gauntlet | Found a large runed translucent door.
  8281 | Gauntlet | Found a large runed translucent door.
  8281 | Gauntlet | Found a large runed translucent door.
  8281 | Gauntlet | Found a runed translucent door.
  8281 | Gauntlet | Found a runed translucent door.
  8281 | Gauntlet | Found a large runed translucent door.
  8281 | Gauntlet | Found a large runed translucent door.
  8281 | Gauntlet | Found a large runed translucent door.
  8281 | Gauntlet | Found a large runed translucent door.
  8281 | Gauntlet | Found a large runed translucent door.
  8281 | Gauntlet | Found a large runed translucent door.
  8290 | Gauntlet | Found a transporter.
  8292 | Gauntlet | Noticed a hell hog
  8308 | Gauntlet | Found a transporter.
  8311 | Gauntlet | Found a transporter.
  8313 | Gauntlet | Noticed a sixfirhy
  8317 | Gauntlet | Noticed a sixfirhy
  8318 | Gauntlet | Noticed a sixfirhy
  8318 | Gauntlet | Noticed a sixfirhy
  8332 | Gauntlet | Found a transporter.
  8345 | Gauntlet | Found a transporter.
  8346 | Gauntlet | Noticed a spectral centaur warrior
  8348 | Gauntlet | Noticed a death drake
  8358 | Gauntlet | Found a transporter.
  8358 | Gauntlet | Noticed an orange crystal statue
  8361 | Gauntlet | Found a transporter.
  8365 | Gauntlet | Found a transporter.
  8367 | Gauntlet | Found a runed translucent gate.
  8367 | Gauntlet | Found a runed translucent gate.
  8367 | Gauntlet | Found a runed translucent gate.
  8368 | Gauntlet | Found a transporter.
  8368 | Gauntlet | Found a transporter.
  8368 | Gauntlet | Found a large runed translucent door.
  8368 | Gauntlet | Found a large runed translucent door.
  8369 | Gauntlet | Noticed a glowing orange brain
  8369 | Gauntlet | Noticed a glowing orange brain
  8371 | Gauntlet | Noticed a brown ugly thing
  8377 | Gauntlet | Found a transporter.
  8394 | Gauntlet | Found a large runed translucent door.
  8395 | Gauntlet | Found a large runed translucent door.
  8493 | Gauntlet | Reached XP level 11. HP: 70/94 MP: 7/7
  8502 | Gauntlet | Identified the amulet of Xaseuvae {Spirit rPois rC+ Dex+6
                  | Stlth-}
  8531 | Gauntlet | Killed a death drake
  8540 | Gauntlet | Reached **** piety under Makhleb
  8541 | Gauntlet | Reached skill level 10 in Shields
  8551 | Gauntlet | Identified the +0 pair of gloves of Vuesa {Str+4 Dex+5}
  8594 | Gauntlet | Noticed a minotaur
  8607 | Gauntlet | Mangled by a minotaur

Illustrated notes

Levels and vault maps discovered:
D:1:      tarquinn_simple_flora_water_d, layout_basic,
          dreamdust_ecumenical_altar_drowned_temple
D:2:      layout_loops_ring, serial_shops, shop, kennysheep_generic_room_7
D:3:      layout_loops_ring, serial_shops, nicolae_square_shop, st_stairs_1,
          chequers_arboretum, minmay_door_square, uniq_robin
D:4:      layout_loops_ring, ebering_ghost_disaster_area,
          sigmund_edmund_badplayer, uniq_crazy_yiuf_cottage
D:5:      layout_basic, kennysheep_mini_moat, minmay_temple_entry_sparse_star,
          gammafunk_ghost_necromancy, skrybe_limestone_x, uniq_pikel, uniq_ijyb,
          uniq_eustachio
D:6:      layout_rooms
D:7:      layout_rooms, serial_shops, kennysheep_mini, shop,
          hangedman_feature_mirror
D:8:      layout_basic, mainiacjoe_overflow_surrounded_room, grunt_ministairs_5,
          uniq_maggie
D:9:      layout_loops_ring, kennysheep_ying_yang, lair_entry_dummy,
          special_room [special_room_orc]
D:10:     layout_grid_maze, kennysheep_orc_monster_closet_entryway,
          uniq_erolcha, uniq_snorg, uniq_gastronok
D:11:     layout_loops_ring
Temple:   hc_temple_tempest_star
Lair:1:   layout_cave_pods, gauntlet_entry_generic,
          chequers_serial_rivers_micro_e, st_stairs_8, beast_lair_carwin_8,
          grunt_megastairs_3, infiniplex_staircase_pool_2, uniq_nergalle
Gauntlet: minmay_gauntlet_mixed_oops_all_seconds
          [minmay_gauntlet_arena_77_tiled_triplets,
          minmay_gauntlet_arena_make_your_own_arena,
          minmay_gauntlet_arena_77_checkered, nicolae_gauntlet_arena_blocks,
          minmay_gauntlet_arena_77_box, gammafunk_gauntlet_arena_split_diamond,
          nicolae_gauntlet_exit_dead_adventurers]

Skill      XL: |  1  2  3  4  5  6  7  8  9 10 11 |
---------------+----------------------------------+-----
Fighting       | 1 2 3 4 5 |  5.0
Axes           | 2 3 6 7 10 12 14 | 14.5
Evocations     | 5 |  5.0
Shields        | 6 9 10 | 10.0
Armour         | |  2.1
Dodging        | |  1.1
Stealth        | |  1.2

Action                   |  1- 3 |  4- 6 |  7- 9 | 10-12 || total
-------------------------+-------+-------+-------+-------++-------
Melee: Club              |    27 |       |       |       ||    27
       Dagger            |   232 |   104 |       |       ||   336
       War axe           |       |    58 |   327 |   267 ||   652
       Hand axe          |       |       |     9 |       ||     9
Invok: Lesser Servant of |       |       |       |     1 ||     1
 Abil: Heal Wounds       |     1 |     2 |     6 |     7 ||    16
Evoke: Wand              |    10 |    12 |    13 |     8 ||    43
       Piece from Xom's  |     3 |     7 |    21 |     4 ||    35
  Use: Scroll            |     1 |       |    10 |     2 ||    13
       Potion            |       |     2 |       |     3 ||     5
 Stab: Paralysed         |       |     2 |    11 |     5 ||    18
       Petrified         |       |     1 |    22 |       ||    23
       Confused          |       |       |     1 |       ||     1
       Sleeping          |       |       |       |     1 ||     1
       Invisible         |       |       |       |     2 ||     2
Armor: Leather armour    |    13 |       |       |       ||    13
       Plate armour      |   127 |   154 |   279 |       ||   560
       Ring mail         |    12 |       |       |       ||    12
       Skin              |       |    15 |       |       ||    15
       Swamp dragon scal |       |       |       |    90 ||    90
Dodge: Dodged            |    94 |    55 |   104 |   121 ||   374
Block: Kite shield       |       |       |       |    43 ||    43
